 Dungeon Crawl Stone Soup version 0.29-a0-268-g5627465c62 (webtiles) character file.

Game seed: 3971038819371129110

344 Morbidden the Slasher (level 6, 0/72 HPs)
             Began as a Demonspawn Fighter on Mar 7, 2022.
             Slain by a hornet (7 damage)
             ... on level 5 of the Dungeon.
             The game lasted 00:07:50 (4903 turns).

Morbidden the Slasher (Demonspawn Fighter)          Turns: 4903, Time: 00:07:51

Health: 0/72       AC: 23    Str: 19    XL:     6   Next: 31%
Magic:  7/7        EV:  2    Int:  9    God:
Gold:   167        SH:  5    Dex: 15    Spells: 3/7 levels left

rFire   . . .      SeeInvis .   b - +4 dagger of Flawed Execution {vorpal, Dex+3}
rCold   . . .      Faith    .   c - +0 buckler
rNeg    . . .      Spirit   .   (body armour currently unavailable)
rPois   +          Reflect  .   (helmet currently unavailable)
rElec   .          Harm     .   (cloak currently unavailable)
rCorr   .          Rampage  .   (gloves currently unavailable)
Will    .....      NoTele   +   (boots currently unavailable)
Stlth   ++........              (no amulet)
HPRegen 0.22/turn               (no ring)
MPRegen 0.10/turn               (no ring)

@: lethally poisoned (0 -> -4), tree-form (expiring), hasted, very quick
A: stationary, stasis, torment immunity, boosted hp, rugged brown scales 1,
powered by death 1, (spiny 1), (weakness stinger 1)
a: no special abilities


You were on level 5 of the Dungeon.
You were a tree.
You visited 1 branch of the dungeon, and saw 5 of its levels.
You also visited: Sewer.

You collected 167 gold pieces.

Inventory:

Hand Weapons
 a - a +0 long sword
 b - the +4 dagger of Flawed Execution (weapon) {vorpal, Dex+3}
   (You found it on level 4 of the Dungeon)

   It inflicts extra damage upon your enemies.
   Dex:       It affects your dexterity (+3).
Missiles
 f - 11 poisoned darts (quivered)
Armour
 c - a +0 buckler (worn)
 n - a scarf of shadows (melded)
 q - a +0 pair of gloves (melded)
 x - a +0 scale mail (melded)
Scrolls
 h - a scroll of noise
 i - a scroll of amnesia
 j - a scroll of teleportation {unknown}
 v - a scroll of fog {unknown}
 w - a scroll of enchant weapon {unknown}
Potions
 d - 2 potions of might
 g - a potion of degeneration {unknown}
 l - a potion of haste
 m - a potion of attraction {unknown}
 o - a potion of curing {unknown}
 p - a potion of resistance {unknown}
 r - 2 potions of flight
 s - a potion of cancellation {unknown}
 t - a potion of mutation {unknown}
 u - a potion of brilliance {unknown}


   Skills:
 * Level 3.6 Fighting
 * Level 3.7 Long Blades
 + Level 0.9 Throwing
 + Level 3.3 Armour
 * Level 1.9 Dodging
 + Level 0.5 Stealth
 + Level 3.0 Shields
 * Level 1.2 Spellcasting
 * Level 0.4 Conjurations
 * Level 0.2 Earth Magic
 * Level 1.3 Poison Magic


You had 3 spell levels left.
You knew the following spells:

 Your Spells              Type           Power      Damage    Failure   Level
a - Sting                 Tmut/Pois      4%         1d3       34%         1
b - Stone Arrow           Conj/Erth      2%         3d7       77%         3

Your spell library contained the following spells:

 Spells                   Type           Power      Damage    Failure   Level
 Poisonous Vapours        Pois/Air       2%         N/A       50%         2
 Olgreb's Toxic Radiance  Pois           2%         N/A       95%         4
 Animate Armour           Summ/Erth      0%         N/A       99%         4
 Lehudib's Crystal Spear  Conj/Erth      0%         10d2      100%        8


Dungeon Overview and Level Annotations

Branches:
Dungeon (4/15)              Sewer (visited)
 Temple: D:4-7

Altars:


Innate Abilities, Weirdness & Mutations

You are a tree.
Your roots penetrate the ground, keeping you stationary.
You cannot be teleported.
You are immune to unholy pain and torment.
Your maximum health is greatly increased.
Your equipment is partially melded.
(You are partially covered in rugged brown scales. (AC +1, +3% HP))
You regenerate a little health from kills.
((You are partially covered in sharp spines.))
((You have a small tail.))


Message History

Unknown command.
It was a potion of flight.
Your roots keep you in place.
You feel very sick. You block the adder's attack.
The hornet stings you but does no damage.
The adder bites you but does no damage.
Unknown command.
Unknown command.
You hit the hornet.
The hornet is severely wounded.
You feel sick. The hornet stings you.
* * * LOW HITPOINT WARNING * * *
The adder bites you but does no damage.
The hornet stings you but does no damage.
Unknown command.
You barely miss the hornet.
The hornet is severely wounded.
Your transformation is almost over.
You feel very sick. The adder barely misses you.
The hornet stings you but does no damage.
Unknown command.
Unknown command.
You closely miss the hornet.
The hornet is severely wounded.
You feel yourself speed up.
You feel sick. You block the adder's attack. You block the hornet's attack.
The adder bites you but does no damage.
Unknown command.
Unknown command.
You hit the hornet.
The hornet is almost dead.
You feel sick.
The hornet stings you but does no damage.
Unknown command.
Unknown command.
You hit the hornet but do no damage.
The hornet is almost dead.
You feel sick. The hornet stings you!
You die...

#.# #.# .. #.# .# #.# .#
# #.# .# #.# #.# .# ....
#.###########.#.....
.####.##.....>...S.(##..
................♣y......
#################.####.#
.# .# .# .. ##


You could see a hornet and an adder.

Vanquished Creatures
  Pargi (Sewer)
  A hound (D:4)
  An orc priest (D:4)
  2 orc wizards (D:4)
  4 adders
  A worm (D:2)
  2 dart slugs
  12 orcs
  10 bats
  6 endoplasms
  2 giant cockroaches
  7 goblins
  7 hobgoblins
  11 jackals
  4 kobolds (D:1)
  3 quokkas
  3 ball pythons
  6 frilled lizards
  2 rats (D:2)
85 creatures vanquished.

Notes
Turn   | Place    | Note
-------+----------+-------------------------------------------
     0 | D:1      | Morbidden the Demonspawn Fighter began the quest for the
                  | Orb.
     0 | D:1      | Reached XP level 1. HP: 18/18 MP: 1/1
   547 | D:1      | Gained mutation: You are partially covered in rugged brown
                  | scales. (AC +1, +3% HP) [demonic ancestry]
   547 | D:1      | Reached XP level 2. HP: 15/24 MP: 2/2
   906 | D:1      | Gained mutation: You have a small tail. [demonic ancestry]
   906 | D:1      | Reached XP level 3. HP: 24/29 MP: 3/3
  1125 | D:1      | Reached skill level 1 in Dodging
  1226 | D:1      | Learned a level 1 spell: Sting
  2591 | D:2      | Gained mutation: You regenerate a little health from kills.
                  | [demonic ancestry]
  2591 | D:2      | Reached XP level 4. HP: 36/36 MP: 4/4
  3134 | D:3      | Found a glowing drain.
  3138 | Sewer    | Entered a sewer
  3199 | Sewer    | Noticed Pargi
  3212 | Sewer    | Killed Pargi
  3213 | Sewer    | Reached skill level 1 in Spellcasting
  3213 | Sewer    | Reached skill level 1 in Poison Magic
  3213 | Sewer    | Reached XP level 5. HP: 29/42 MP: 4/6
  3264 | Sewer    | Learned a level 3 spell: Stone Arrow
  4345 | D:4      | Gained mutation: You are partially covered in sharp spines.
                  | [demonic ancestry]
  4345 | D:4      | Reached XP level 6. HP: 25/48 MP: 7/7
  4620 | D:4      | Identified the +4 dagger of Flawed Execution {vorpal,
                  | Dex+3}
  4805 | D:4      | You fall into a shaft and drop 1 floor!
  4805 | D:5      | Entered Level 5 of the Dungeon
  4879 | D:5      | Noticed a hornet
  4903 | D:5      | Slain by a hornet

Illustrated notes

Levels and vault maps discovered:
D:1:      minmay_arrival_shoal_huts, layout_basic, minmay_misc_feat_room
D:2:      wander_river, layout_loops_cross
D:3:      layout_basic, gup_sewer_entry_bowl
D:4:      layout_basic, nrook_mini_backslash, minmay_stone_trees_medium
D:5:      layout_loops_ring, temple_hall

Skill      XL: |  1  2  3  4  5 |
---------------+----------------+-----
Long Blades    | 2 3 |  3.7
Dodging        | 1 |  1.9
Armour         | 3 |  3.3
Spellcasting   | 1 |  1.2
Poison Magic   | 1 |  1.3
Shields        | 3 |  3.0
Fighting       | |  3.6
Throwing       | |  0.9
Stealth        | |  0.5
Conjurations   | |  0.4
Earth Magic    | |  0.2

Action                   |  1- 3 |  4- 6 || total
-------------------------+-------+-------++-------
Melee: Long sword        |   152 |   140 ||   292
       Tailslap          |     7 |    12 ||    19
       Dagger            |       |    30 ||    30
Throw: Dart              |     5 |    10 ||    15
  Use: Potion            |       |     8 ||     8
       Scroll            |       |     2 ||     2
Armor: Scale mail        |   108 |    80 ||   188
       Skin              |       |   108 ||   108
Dodge: Dodged            |   116 |   108 ||   224
Block: Buckler           |    47 |    55 ||   102

Table legend: (Time is in decaauts)
 A = Elapsed time spent in this place.
 B = Non-inter-level travel time spent in this place.
 C = Inter-level travel time spent in this place.
 D = Time resting spent in this place.
 E = Time spent auto-exploring this place.
 F = Levels seen in this place.
 G = Mean time per level.
                   A        B        C        D        E       F      G
               +--------+--------+--------+--------+--------+-----+--------+
         Total |   5044 |   4944 |    100 |    983 |   2885 |   6 |  840.7 |
       Dungeon |   4897 |   4797 |    100 |    983 |   2827 |   5 |  979.4 |
         Sewer |    146 |    146 |      0 |      0 |     58 |   1 |  146.0 |
               +--------+--------+--------+--------+--------+-----+--------+

Top non-repeatable levels by time:
     D:1: 1584 daAuts
     D:2: 1295 daAuts
     D:3: 1206 daAuts
     D:4: 710 daAuts
   Sewer: 146 daAuts
     D:5: 100 daAuts
